 Dungeon Crawl Stone Soup version 0.24-a0-769-g368c164 (webtiles) character file.

Game seed: 12954553764564573353, levelgen mode: deterministic

190072 2tousent the Brawler (level 17, -4/201 HPs)
             Began as a Yellow Draconian Transmuter on Oct 4, 2019.
             Was the Champion of Wu Jian.
             Slain by an emperor scorpion (9 damage)
             ... on level 4 of the Spider Nest.
             The game lasted 03:22:11 (36695 turns).

2tousent the Brawler (Yellow Draconian Transmuter) Turns: 36695, Time: 03:22:12

Health: -4/201     AC: 19    Str: 27      XL:     17   Next: 53%
Magic:  12/38      EV: 13    Int: 16 (17) God:    Wu Jian [******]
Gold:   1105       SH:  0    Dex: 11      Spells: 4/40 levels left

rFire    . . .     SeeInvis .     - Unarmed
rCold    + . .     Gourm    .   (shield currently unavailable)
rNeg     . . .     Faith    .   (armour unavailable)
rPois    +         Spirit   .   (helmet currently unavailable)
rElec    +         Reflect  .   (cloak currently unavailable)
rCorr    +         Harm     .   (gloves currently unavailable)
MR       +....                  (boots currently unavailable)
Stlth    +.........             v - amulet of the Air {Inacc +Fly rElec EV+5 RMsl}
HPRegen  0.43/turn              X - ring of magical power
MPRegen  0.26/turn              a - ring "Kolaj" {rC+ Str+2 Slay+3 Stlth+}

@: lethally poisoned (-4 -> -5), about to teleport, dragon-form, flying,
glowing, repel missiles, heavenly storm
A: giant, spit acid, unfitting armour, clumsy 1, low mp 1, acidic bite, acid
resistance, AC +9
}: 1/15 runes: decaying
a: Breathe Acid, End Transformation, Wall Jump, Serpent's Lash, Heavenly Storm,
Renounce Religion, Stop Flying


You were on level 4 of the Spider Nest.
You worshipped Wu Jian.
Wu Jian was exalted by your worship.
You were hungry.
You were a fearsome dragon!
You visited 6 branches of the dungeon, and saw 32 of its levels.

You collected 2867 gold pieces.
You spent 1762 gold pieces at shops.

Inventory:

Missiles
 m - 18 curare-tipped darts (quivered)
 w - 11 atropa-tipped darts
 B - 2 throwing nets
 D - 3 boomerangs of dispersal
 J - 65 arrows
Armour
 F - the +0 pair of boots of Hopscotch {rElec rPois Int-4 Dex+5}
   (You found it on level 9 of the Dungeon)

   It affects your intelligence (-4).
   It affects your dexterity (+5).
   It insulates you from electricity.
   It protects you from poison.
 G - a +2 pair of gloves (melded)
 N - the +1 pair of gloves of the Swamp {+Fly Regen+ Str+5 Int-5 SInv}
   (You found it on level 1 of the Swamp)

   It affects your strength (+5).
   It affects your intelligence (-5).
   It lets you see invisible.
   It lets you fly.
   It increases your rate of regeneration.
 S - a +0 pair of boots (melded)
 U - a scarf of resistance
 W - a scarf of spirit shield (melded)
Jewellery
 a - the ring "Kolaj" (right foreclaw) {rC+ Str+2 Slay+3 Stlth+}
   (You found it on level 1 of the Spider Nest)

   [ring of protection from cold]

   It affects your strength (+2).
   It affects your accuracy and damage with ranged weapons and melee attacks
   (+3).
   It protects you from cold.
   It makes you more stealthy.
 h - a +4 ring of protection
 l - an uncursed ring of see invisible
 r - a +2 ring of slaying
 v - the amulet of the Air (around neck) {Inacc +Fly rElec EV+5 RMsl}
   (You found it on level 15 of the Dungeon)

   [amulet of inaccuracy]

   It reduces the accuracy of all your attacks.
   It affects your evasion (+5).
   It insulates you from electricity.
   It lets you fly.
   It protects you from missiles.
 A - an uncursed ring of magical power
 X - a ring of magical power (left foreclaw)
 Z - a +4 ring of protection
Wands
 d - a wand of digging (12)
 q - a wand of random effects (19)
 K - a wand of iceblast (10)
 L - a wand of scattershot (3)
 O - a wand of clouds (10)
 T - a wand of enslavement (17)
Scrolls
 f - 9 scrolls of enchant weapon
 g - 12 scrolls of amnesia
 o - 12 scrolls of teleportation
 u - 5 scrolls of fog
 y - 12 scrolls of remove curse
 z - 5 scrolls of magic mapping
 C - 2 scrolls of holy word
 E - 2 scrolls of blinking
 I - 6 scrolls of enchant armour
 Q - 25 scrolls of identify
 V - 4 scrolls of fear
Potions
 b - 18 potions of curing
 e - 4 potions of agility
 i - 5 potions of flight
 j - a potion of magic
 k - 5 potions of haste
 n - 9 potions of brilliance
 p - 4 potions of ambrosia
 s - 9 potions of degeneration
 t - 2 potions of might
 x - 2 potions of resistance
 H - 6 potions of lignification
 Y - 2 potions of cancellation
Comestibles
 c - 48 rations
 P - a chunk of flesh


   Skills:
 + Level 7.9 Fighting
 + Level 7.7 Dodging
 * Level 17.8 Unarmed Combat
 + Level 12.2 Spellcasting
 + Level 2.8 Charms
 + Level 3.3 Necromancy
 * Level 17.3 Transmutations
 - Level 4.0 Ice Magic
 - Level 7.0 Earth Magic
 - Level 4.0 Poison Magic


You had 4 spell levels left.
You knew the following spells:

 Your Spells              Type           Power        Failure   Level  Hunger
a - Blade Hands           Tmut           ######....   1%          5    #####..
b - Spider Form           Tmut/Pois      #####.....   1%          3    None
c - Ice Form              Ice/Tmut       #####...     1%          4    ##.....
d - Statue Form           Tmut/Erth      #####....    8%          6    ######.
e - Hydra Form            Tmut           ######....   1%          6    ######.
f - Dragon Form           Tmut           ######....   4%          7    #######
g - Regeneration          Chrm/Necr      ###.......   6%          3    None
h - Shroud of Golubria    Chrm/Tloc      ##....       6%          2    None

Your spell library contained the following spells:

 Spells                   Type           Power        Failure   Level  Hunger
 Beastly Appendage        Tmut           ######       0%          1    None
 Sticks to Snakes         Tmut           ######..     0%          2    None
 Freeze                   Ice            ###.         1%          1    None
 Sandblast                Erth           ####..       1%          1    None
 Passwall                 Tmut/Erth      #####...     1%          2    None
 Infusion                 Chrm           ###.         2%          1    None
 Song of Slaying          Chrm           ###.....     3%          2    None
 Ensorcelled Hibernation  Hex/Ice        ###...       4%          2    None
 Throw Frost              Conj/Ice       ###...       4%          2    None
 Ozocubu's Armour         Chrm/Ice       ###.....     5%          3    None
 Swiftness                Chrm/Air       ##......     6%          2    None
 Corona                   Hex            #......      8%          1    None
 Magic Dart               Conj           #...         8%          1    None
 Shock                    Conj/Air       #...         8%          1    None
 Blink                    Tloc           N/A          11%         2    None
 Call Imp                 Summ           #.......     11%         2    None
 Slow                     Hex            #.......     11%         2    None
 Spectral Weapon          Hex/Chrm       ##......     12%         3    None
 Mephitic Cloud           Conj/Pois/Air  ##......     13%         3    None
 Leda's Liquefaction      Hex/Erth       ###.......   17%         4    ##.....
 Confuse                  Hex            #.......     22%         3    None
 Conjure Flame            Conj/Fire      #.......     22%         3    None
 Dazzling Spray           Conj/Hex       #.....       22%         3    None
 Static Discharge         Conj/Air       #.......     22%         3    None
 Tukima's Dance           Hex            #.......     22%         3    None
 Summon Ice Beast         Ice/Summ       ###.....     32%         4    ##.....
 Throw Icicle             Conj/Ice       ###.....     32%         4    ##.....
 Airstrike                Air            #.........   58%         4    ##.....
 Bolt of Magma            Conj/Fire/Erth ###.......   61%         5    #####..
 Lightning Bolt           Conj/Air       #.........   90%         5    #####..
 Summon Forest            Summ/Tloc      #.........   90%         5    #####..
 Summon Mana Viper        Hex/Summ       #.......     90%         5    #####..
 Iron Shot                Conj/Erth      ###.......   95%         6    ######.
 Shatter                  Erth           ####......   100%        9    #######


Dungeon Overview and Level Annotations

Branches:
Dungeon (15/15)            Temple (1/1) D:5            Lair (6/6) D:11
  Swamp (4/4) Lair:2       Spider (4/4) Lair:3        Slime (0/5) Lair:6
    Orc (2/2) D:10            Elf (0/3) Orc:2        Vaults (0/5) D:13
 Depths (0/5) D:15

Altars:
Ashenzari
Cheibriados
Dithmenos
Elyvilon
Fedhas
Hepliaklqana
Kikubaaqudgha
Makhleb
Okawaru
Qazlal
Ru
Sif Muna
Trog
Uskayaw
Vehumet
Wu Jian
Xom
Yredelemnul
Zin
The Shining One

Shops:
Orc:2 (:*[

Annotations:
D:9 3 runed translucent doors, Grijm's ghost, novice VSAK
D:12 exclusion: oklob plant
D:14 3 runed translucent doors
Lair:4 exclusion: oklob plant
Spider:2 3 runed translucent doors, GekoRoach's ghost, journeyman MiBe


Innate Abilities, Weirdness & Mutations

You can spit globs of acid.
Your golden yellow scales are hard. (AC +9)
You cannot fit into any form of body armour.
You have acidic saliva.
((You are cold-blooded and may be slowed by cold attacks.))
You are resistant to acid. (rCorr)
You are clumsy. (Dex -2)
Your magical capacity is low. (-10% MP)


Message History

A redback comes into view.
The emperor scorpion barely misses you. The emperor scorpion claws you!
* * * LOW HITPOINT WARNING * * *
The emperor scorpion claws you but does no damage.
The jumping spider pounces on you but does no damage.
The jumping spider closely misses you. The redback barely misses you.
The jumping spider leaps!
Unknown command.
You disentangle yourself.
You feel sick. The wolf spider closely misses you. The wolf spider bites you.
* * * LOW HITPOINT WARNING * * *
A jumping spider comes into view.
The jumping spider closely misses you.
The jumping spider bites you but does no damage.
The redback misses you. The emperor scorpion stings you!
* * * LOW HITPOINT WARNING * * *
The emperor scorpion misses you. The emperor scorpion barely misses you.
A redback comes into view.
The emperor scorpion stings you!
You die...

##...............#
#.............####
###........#^.....#
##.^.^...$........##
#..^s.............#
.............^^...#
..(..☼§§§§§..######
.s.#.ss§§§§§.^....##
...s.ssD§§§☼.°☼...^#
.s..^ssss§§§☼§☼....#
####ss§§§☼§○#....##
.s.s.○§#○§§☼.#^.#.#
..s..s§.§§#####.###
.^......°... ##
..<.......^..
....^..........
..?...........^


You could see 2 emperor scorpions, a wolf spider, 3 jumping spiders and 4
redbacks.

Vanquished Creatures
  Jorgrun (Spider:3)
  2 thorn hunters
  Louise (Spider:3)
  2 emperor scorpions (Spider:2)
  2 ghost moths
  An orc warlord (Orc:2)
  Aizul (Swamp:1)
  2 very ugly things (Swamp:4)
  2 entropy weavers
  5 dire elephants (Lair:6)
  A spark wasp (Spider:2)
  2 green deaths (Swamp:4)
  2 death oozes (Swamp:4)
  Josephine (D:12)
  8 vault guards (D:13)
  14 hydras
  A hell beast (Swamp:4)
  2 shambling mangroves
  An anaconda (Lair:6)
  2 ghost crabs
  15 alligators
  Erica (D:11)
  3 two-headed ogres
  3 orc high priests (Orc:2)
  3 tengu warriors
  Sonja (Lair:6)
  8 spriggans
  2 spriggan druids
  A wizard (D:15)
  4 swamp dragons
  6 unseen horrors
  A wolf spider zombie (D:13)
  10 wolf spiders
  18 ugly things
  2 orc knights
  7 orb spiders
  5 orc sorcerers (Orc:2)
  3 deep elf magi
  4 cyclopes
  2 centaur zombies
  7 black mambas
  13 elephants
  Maurice (D:10)
  A torpor snail (Spider:4)
  A naga mage (D:15)
  2 gargoyles
  A kobold demonologist (D:13)
  2 large abominations (Swamp:4)
  An orange demon (Swamp:4)
  A spiny frog (shapeshifter) (D:15)
  14 spiny frogs
  2 rime drakes
  A yaktaur (shapeshifter) (D:15)
  6 komodo dragons
  2 efreet
  A freezing wraith (D:14)
  5 demonic crawlers
  A queen bee (Spider:2)
  A troll (shapeshifter) (D:14)
  8 trolls
  27 jumping spiders
  9 tyrant leeches
  6 meliai
  13 hornets
  Prince Ribbit (D:7)
  11 bog bodies
  32 slime creatures
  Grinder (D:4)
  14 blink frogs
  2 hippogriffs (Lair:4)
  3 shadows (Swamp:4)
  66 redbacks
  19 tarantellas
  A vampire (D:14)
  A wyvern (shapeshifter) (D:15)
  5 wraiths
  3 wyverns
  39 yaks
  3 basilisks
  A steam dragon (D:12)
  2 hungry ghosts
  A small abomination (Swamp:4)
  8 vampire mosquitoes
  19 insubstantial wisps
  17 swamp worms
  A soldier ant (D:14)
  Menkaure (D:5)
  5 wargs
  An acid dragon (D:12)
  9 water moccasins
  Duvessa (D:7)
  3 swamp drakes
  28 orc warriors
  9 porcupines
  4 ice beasts
  4 sky beasts
  A necrophage (D:14)
  4 phantoms
  5 ogres
  22 centaurs
  10 crocodiles
  9 wolves
  5 big kobolds
  19 bullfrogs
  A gnoll sergeant (D:7)
  A wyvern zombie (D:10)
  Dowan (D:7)
  3 wyvern skeletons
  4 jellies
  4 scorpions
  26 killer bees
  7 howler monkeys
  11 wights
  4 electric eels
  12 crimson imps
  A bullfrog zombie (D:12)
  24 orc priests
  9 hounds
  5 centaur skeletons
  Crazy Yiuf (D:3)
  3 bullfrog skeletons
  3 iguanas
  21 orc wizards
  13 worker ants
  4 hell rats (Lair:6)
  A killer bee zombie (D:10)
  A hound zombie (D:3)
  2 hound skeletons
  A worker ant zombie (D:10)
  5 gnolls (D:7)
  A howler monkey skeleton (D:4)
  13 adders
  4 shadow imps
  2 adder zombies (D:5)
  2 adder skeletons
  3 worms
  3 dart slugs
  2 leopard geckos
  62 orcs
  5 giant cockroaches
  9 goblins
  7 hobgoblins
  7 jackals
  21 kobolds
  2 quokkas
  A ball python (D:2)
  12 bats
  3 frilled lizards
  A jackal skeleton (D:4)
  8 rats
  A plant (Lair:6)
1005 creatures vanquished.

Vanquished Creatures (others)
  A briar patch (Swamp:3)
  11 fungi
  21 plants
33 creatures vanquished.

Grand Total: 1038 creatures vanquished

Notes
Turn   | Place    | Note
-------+----------+-------------------------------------------
     0 | D:1      | 2tousent the Draconian Transmuter began the quest for the
                  | Orb.
     0 | D:1      | Reached XP level 1. HP: 16/16 MP: 3/3
   153 | D:1      | Reached XP level 2. HP: 16/23 MP: 5/5
  1177 | D:2      | Reached XP level 3. HP: 25/28 MP: 6/6
  1182 | D:2      | Learned a level 3 spell: Spider Form
  1847 | D:2      | Reached XP level 4. HP: 35/35 MP: 5/7
  2509 | D:3      | Reached skill level 1 in Poison Magic
  2597 | D:3      | Reached XP level 5. HP: 4/40 MP: 3/9
  2620 | D:3      | HP: 2/40 [orc/+0 war axe (5)]
  2728 | D:3      | Learned a level 4 spell: Ice Form
  3299 | D:3      | Found a runed translucent door.
  3300 | D:3      | Noticed Crazy Yiuf
  3450 | D:3      | Killed Crazy Yiuf
  3608 | D:4      | Noticed Grinder
  3623 | D:4      | Killed Grinder
  3623 | D:4      | Reached skill level 1 in Ice Magic
  3623 | D:4      | Reached XP level 6. HP: 18/47 MP: 2/10
  3757 | D:4      | Reached skill level 5 in Unarmed Combat
  3939 | D:4      | Your scales start taking on a golden yellow colour.
  3939 | D:4      | Reached XP level 7. HP: 45/52 MP: 2/12
  3939 | D:4      | Gained mutation: You are resistant to acid. (rCorr) [Yellow
                  | Draconian growth]
  4078 | D:4      | Learned a level 5 spell: Blade Hands
  4565 | D:5      | Entered Level 5 of the Dungeon
  4639 | D:5      | Reached skill level 5 in Transmutations
  4997 | D:5      | Noticed Menkaure
  5011 | D:5      | Killed Menkaure
  5171 | D:5      | Found a staircase to the Ecumenical Temple.
  5246 | Temple   | Entered the Ecumenical Temple
  5281 | Temple   | Became a worshipper of the Wu Jian Council
  5457 | D:5      | Found an iron altar of Okawaru.
  5460 | D:5      | Reached XP level 8. HP: 59/59 MP: 13/13
  6210 | D:6      | Found a snail-covered altar of Cheibriados.
  6887 | D:7      | Noticed Dowan
  6888 | D:7      | Noticed Duvessa
  6906 | D:7      | Killed Duvessa
  6908 | D:7      | Killed Dowan
  7107 | D:7      | Reached * piety under Wu Jian
  7373 | D:7      | Found a hide-covered altar of Uskayaw.
  7375 | D:7      | Noticed Prince Ribbit
  7388 | D:7      | Reached XP level 9. HP: 50/64 MP: 12/15
  7393 | D:7      | Killed Prince Ribbit
  7883 | D:8      | Gained mutation: Your magical capacity is low. (-10% MP)
                  | [mutagenic glow]
  7926 | D:8      | Gained mutation: You are clumsy. (Dex -2) [mutagenic glow]
  7970 | D:8      | Reached ** piety under Wu Jian
  8014 | D:8      | Noticed a troll
  8154 | D:8      | Reached skill level 5 in Spellcasting
  8194 | D:8      | Killed a troll
  9115 | D:9      | Reached XP level 10. HP: 71/71 MP: 11/16
  9129 | D:9      | Got a pair of faintly humming boots
  9135 | D:9      | Identified the +0 pair of boots of Hopscotch {rElec rPois
                  | Int-4 Dex+5} (You found it on level 9 of the Dungeon)
  9154 | D:9      | Found a runed translucent gate.
  9179 | D:9      | Found a runed translucent gate.
  9180 | D:9      | Found a runed translucent gate.
  9181 | D:9      | Noticed Grijm's ghost (novice VSAK)
  9226 | D:9      | Reached *** piety under Wu Jian
 10047 | D:10     | Entered Level 10 of the Dungeon
 10048 | D:10     | Found a staircase to the Orcish Mines.
 10116 | D:10     | You fall into a shaft and drop 3 floors!
 10120 | D:13     | Noticed an orange demon
 10371 | D:13     | Noticed a purple ugly thing
 10381 | D:13     | Killed a purple ugly thing
 10381 | D:13     | Reached skill level 10 in Unarmed Combat
 10451 | D:11     | Noticed Erica
 10456 | D:11     | Killed Erica
 10456 | D:11     | Reached **** piety under Wu Jian
 10456 | D:11     | Reached skill level 10 in Transmutations
 10480 | D:11     | Reached XP level 11. HP: 42/77 MP: 13/19
 11062 | D:10     | Noticed Maurice
 11072 | D:10     | Killed Maurice
 11072 | D:10     | Reached ***** piety under Wu Jian
 11361 | D:10     | Found a shimmering blue altar of Sif Muna.
 11378 | D:10     | Identified Sif Muna's Incunabulum of Stones
 11424 | D:11     | Found a shimmering blue altar of Sif Muna.
 11651 | D:11     | Noticed a four-headed hydra
 11657 | D:11     | Killed a four-headed hydra
 11712 | D:11     | Noticed a deep elf mage
 11718 | D:11     | Killed a deep elf mage
 11769 | D:11     | Found a staircase to the Lair.
 11917 | D:11     | Noticed an unseen horror
 11919 | D:11     | Killed an unseen horror
 12052 | D:11     | Noticed a green ugly thing
 12063 | D:11     | Killed a green ugly thing
 12150 | D:12     | Noticed Josephine
 12154 | D:12     | Killed Josephine
 12168 | D:12     | Noticed a four-headed hydra
 12171 | D:12     | Killed a four-headed hydra
 12287 | D:12     | Reached XP level 12. HP: 92/92 MP: 16/21
 12354 | D:12     | Learned a level 6 spell: Statue Form
 12594 | D:12     | Reached skill level 1 in Earth Magic
 13124 | D:12     | Found a blossoming altar of Fedhas.
 13268 | Lair:1   | Entered Level 1 of the Lair of Beasts
 14984 | Lair:2   | Found a staircase to the Swamp.
 15400 | Lair:2   | Reached skill level 5 in Earth Magic
 15404 | Lair:2   | Reached XP level 13. HP: 78/99 MP: 23/23
 16174 | Lair:3   | Found a hole to the Spider Nest.
 18712 | Lair:6   | Entered Level 6 of the Lair of Beasts
 19095 | Lair:6   | Noticed Sonja
 19141 | Lair:6   | Killed Sonja
 19173 | Lair:6   | Identified the Tome of Changing and the Entourage
 19622 | Lair:6   | Found a staircase to the Slime Pits.
 19818 | Lair:6   | Noticed a dire elephant
 19830 | Lair:6   | Killed a dire elephant
 19834 | Lair:6   | Noticed a dire elephant
 20246 | Lair:6   | Noticed a dire elephant
 20246 | Lair:6   | Noticed a dire elephant
 20280 | Lair:6   | Noticed a dire elephant
 20288 | Lair:6   | Killed a dire elephant
 20288 | Lair:6   | Gained mutation: You have acidic saliva. [Yellow Draconian
                  | growth]
 20288 | Lair:6   | Reached XP level 14. HP: 105/105 MP: 18/24
 21392 | Orc:1    | Entered Level 1 of the Orcish Mines
 21939 | Orc:2    | Entered Level 2 of the Orcish Mines
 21939 | Orc:2    | Found a radiant altar of Vehumet.
 21956 | Orc:2    | Found Yrrim's Book Emporium.
 21970 | Orc:2    | Bought Sif Muna's Catalogue of Shifting Aid for 1082 gold
                  | pieces
 22655 | Orc:2    | Reached skill level 10 in Spellcasting
 22941 | Orc:2    | Found Xipt's General Store.
 23167 | Orc:2    | Noticed an orc warlord
 23178 | Orc:2    | Killed an orc warlord
 23228 | Orc:2    | Found Ehadd's Antique Armour Boutique.
 23512 | Orc:2    | Found a staircase to the Elven Halls.
 23582 | Orc:2    | Found Guceax's Antique Weapon Boutique.
 24262 | D:13     | Learned a level 6 spell: Hydra Form
 24270 | D:13     | Learned a level 7 spell: Dragon Form
 24334 | D:13     | Reached skill level 15 in Unarmed Combat
 24458 | D:13     | Found a gate to the Vaults.
 24469 | D:13     | Reached skill level 5 in Fighting
 25613 | D:14     | Reached XP level 15. HP: 112/113 MP: 20/26
 25617 | D:14     | Reached skill level 5 in Dodging
 26125 | D:14     | Found a runed translucent door.
 26125 | D:14     | Found a runed translucent door.
 26157 | D:14     | Found a runed translucent door.
 26301 | D:15     | Entered Level 15 of the Dungeon
 26459 | D:15     | Reached skill level 15 in Transmutations
 26591 | D:15     | Found the amulet of the Air {Inacc +Fly rElec EV+5 RMsl}
 26630 | D:15     | Found a staircase to the Depths.
 27495 | Swamp:1  | Entered Level 1 of the Swamp
 27623 | Swamp:1  | Noticed Aizul
 27637 | Swamp:1  | Killed Aizul
 28526 | Swamp:1  | Got a pair of brightly glowing gloves
 28603 | Swamp:1  | Identified the +1 pair of gloves of the Swamp {+Fly Regen+
                  | Str+5 Int-5 SInv} (You found it on level 1 of the Swamp)
 28959 | Swamp:2  | Noticed a thorn hunter
 28971 | Swamp:2  | Killed a thorn hunter
 29821 | Swamp:3  | Noticed a thorn hunter
 30225 | Swamp:3  | Reached XP level 16. HP: 126/126 MP: 28/28
 30273 | Swamp:3  | Killed a thorn hunter
 30753 | Swamp:4  | Entered Level 4 of the Swamp
 31140 | Swamp:4  | Reached ****** piety under Wu Jian
 32842 | Swamp:4  | Got a decaying rune of Zot
 33180 | Orc:2    | Bought a book of Battle for 680 gold pieces
 33184 | Orc:2    | Learned a level 3 spell: Regeneration
 33187 | Orc:2    | Learned a level 2 spell: Shroud of Golubria
 33506 | Spider:1 | Entered Level 1 of the Spider Nest
 33708 | Spider:1 | Got a sparkling turquoise ring
 33736 | Spider:1 | Reached skill level 1 in Necromancy
 33741 | Spider:1 | Reached skill level 1 in Charms
 34294 | Spider:2 | Reached XP level 17. HP: 132/132 MP: 29/29
 34303 | Spider:2 | Found a runed translucent gate.
 34304 | Spider:2 | Found a runed translucent gate.
 34305 | Spider:2 | Found a runed translucent gate.
 34305 | Spider:2 | Noticed GekoRoach's ghost (journeyman MiBe)
 35386 | Spider:2 | Identified the ring "Kolaj" {rC+ Str+2 Slay+3 Stlth+} (You
                  | found it on level 1 of the Spider Nest)
 35737 | Spider:3 | Noticed Louise
 35751 | Spider:3 | Killed Louise
 36505 | Spider:3 | Noticed Jorgrun
 36514 | Spider:3 | Killed Jorgrun
 36653 | Spider:4 | Entered Level 4 of the Spider Nest
 36695 | Spider:4 | HP: 5/201 [emperor scorpion (15)]
 36695 | Spider:4 | Slain by an emperor scorpion

Levels and vault maps discovered:
D:1:      psy_arrival_statuary, layout_loops_ring
D:2:      minmay_skewed_foursquare, layout_rooms, serial_co_window_serial,
          co_window_paths_b, co_window_paths_a, co_window_paths_a,
          co_window_paths_a, co_window_paths_a, co_window_paths_b,
          co_window_corner_a, co_window_paths_b, co_window_cross_1,
          co_window_2corner, co_window_corner_b, co_window_of_opportunity_b,
          co_window_2corner, co_window_unsneaky_path_d, co_window_4corner_a,
          glass_columns_b, glass_columns_c, first_ration
D:3:      layout_basic, uniq_crazy_yiuf_cottage
D:4:      layout_cave_pods, uniq_grinder
D:5:      layout_basic, minmay_temple_entry_offerings, okawaru_trees_2,
          uniq_menkaure
D:6:      layout_layer_cave, minmay_misc_feat_alley,
          minmay_misc_feat_more_columns, chequers_serial_rivers_large_b,
          cheibriados_altar_1
D:7:      layout_gridville, eat_drink_and_be_merry_uskayaw, uniq_duvessa,
          uniq_prince_ribbit1
D:8:      layout_loops_ring, grunt_ogre_cave
D:9:      layout_irregular_city, ebering_ghost_rock_garden, chequers_big_river
D:10:     layout_irregular_city, orc_0_dummy, led_sif_book, uniq_maurice
D:11:     layout_cave_pools, erik_lair_orcish_takeover, basic_altar, uniq_erica
D:12:     kennysheep_room_grid, layout_loops_ring, tgw_fedhas, uniq_josephine
D:13:     layout_roguey, erik_vaults_2
D:14:     layout_small_grid, serial_glass, glass_columns_c, glass_columns_b,
          glass_columns_a, glass_columns_a, mikee_hates_you
D:15:     hangedman_depths_entry_try_elsewhere_first, layout_loops_ring,
          minmay_parallelograms
Temple:   grunt_wide_crystal_templ
Lair:1:   layout_regular_city
Lair:2:   layout_loops_ring, nicolae_swamp_entry_splash_gauntlet,
          grunt_megastairs_1
Lair:3:   layout_misc_corridors, spider_nest_entry_funnel_web
Lair:4:   layout_loops_ring, minivault_24, minmay_lair_oklob_chamber
Lair:5:   layout_gridlike, grunt_megastairs_5, infiniplex_staircase_pool,
          lemuel_fruit_tree
Lair:6:   due_jungle_book, layout_gridlike, dpeg_slime_entry_corner,
          grunt_megastairs_4, uniq_sonja
Swamp:1:  layout_falls_marsh, nicolae_swamp_orc_logging_accident, uniq_aizul
Swamp:2:  layout_basic_swamp, evilmike_swamp_ruin_rubble_2
Swamp:3:  layout_falls_marsh, nicolae_swamp_trees_clearing
Swamp:4:  swamp_vile, layout_basic_swamp, infiniplex_staircase_pool_2
Spider:1: layout_spider_delve
Spider:2: layout_spider_delve, gammafunk_ghost_split,
          nicolae_looking_at_the_future
Spider:3: layout_chambers, uniq_jorgrun, uniq_louise
Spider:4: grunt_spider_rune_circles, guppyfry_hornet_nest
Orc:1:    layout_diamond_mine
Orc:2:    grunt_orc_gardens, layout_caves, grunt_orc_garden, grunt_orc_garden,
          grunt_orc_garden, grunt_orc_garden, basic_altar

Skill      XL: |  1  2  3  4  5  6  7  8  9 10 11 12 13 14 15 16 17 |
---------------+----------------------------------------------------+-----
Transmutations | 3 4 5 6 8 10 11 12 13 14 15 16 17 | 17.3
Poison Magic   | 1 2 3 4 |  4.0
Unarmed Combat | 4 5 7 8 10 11 12 14 15 16 17 | 17.8
Spellcasting   | 3 4 5 6 7 8 9 10 11 12 | 12.2
Ice Magic      | 1 2 3 4 |  4.0
Dodging        | 4 6 7 |  7.7
Fighting       | 4 5 7 |  7.9
Earth Magic    | 5 7 |  7.0
Necromancy     | 1 3 |  3.3
Charms         | 1 2 |  2.8

Action                   |  1- 3 |  4- 6 |  7- 9 | 10-12 | 13-15 | 16-18 || total
-------------------------+-------+-------+-------+-------+-------+-------++-------
Melee: Unarmed           |   186 |   134 |   298 |   582 |  1011 |   573 ||  2784
       Tailslap          |    14 |     5 |     8 |    61 |   113 |    53 ||   254
       Kick              |     9 |       |       |       |       |       ||     9
       Headbutt          |       |     1 |       |       |       |       ||     1
       Punch             |       |       |     4 |    20 |    50 |    31 ||   105
       Bite              |       |       |       |       |    39 |    40 ||    79
 Cast: Beastly Appendage |    10 |     2 |       |       |       |       ||    12
       Spider Form       |       |    15 |    22 |     7 |     2 |       ||    46
       Blade Hands       |       |       |    14 |    55 |    58 |     2 ||   129
       Ice Form          |       |       |       |     7 |     3 |       ||    10
       Statue Form       |       |       |       |       |     9 |       ||     9
       Dragon Form       |       |       |       |       |    27 |    33 ||    60
       Hydra Form        |       |       |       |       |     1 |       ||     1
       Shroud of Golubri |       |       |       |       |       |     3 ||     3
       Regeneration      |       |       |       |       |       |     5 ||     5
Invok: Lunge             |       |       |    36 |    99 |   150 |    73 ||   358
       Whirlwind         |       |       |    27 |   171 |   386 |   170 ||   754
       Heavenly Storm    |       |       |       |     1 |     4 |     1 ||     6
       Serpent's Lash    |       |       |       |       |     2 |       ||     2
 Abil: End Transformatio |       |     1 |       |     1 |     2 |     2 ||     6
       Breathe Acid      |       |       |    10 |     5 |    49 |    18 ||    82
       Wall Jump         |       |       |       |    23 |    25 |    22 ||    70
  Use: Potion            |     1 |     2 |       |     2 |     5 |     1 ||    11
       Scroll            |       |     9 |    10 |     8 |     7 |     6 ||    40
 Stab: Sleeping          |     2 |     1 |       |     2 |     2 |       ||     7
       Distracted        |       |       |       |       |     1 |     2 ||     3
       Confused          |       |       |       |       |     2 |       ||     2
  Eat: Chunk             |     3 |     6 |    28 |    31 |    76 |    19 ||   163
       Ration            |       |     1 |       |     3 |     5 |     7 ||    16
Armor: Skin              |    99 |    19 |    64 |   147 |   330 |   279 ||   938
Dodge: Dodged            |   163 |    82 |   170 |   240 |   406 |   269 ||  1330
       Deflected         |       |       |       |       |    10 |     6 ||    16

Table legend:
 A = Non-vault XP
 B = Vault XP
 C = Vault XP percentage of total XP
 D = Non-vault monster count
 E = Vault monster count
 F = Vault count percentage of total count
                 A         B        C        D         E       F
            +---------+---------+-------+---------+---------+-------
      Total |  189609 |   65571 |  25.7 |     847 |     157 |  15.6
            +---------+---------+-------+---------+---------+-------
        D:1 |      30 |       0 |   0.0 |      18 |       0 |   0.0
        D:2 |      95 |      10 |   9.5 |      23 |       6 |  20.7
        D:3 |     165 |      40 |  19.5 |      19 |       1 |   5.0
        D:4 |     294 |     258 |  46.7 |      14 |       1 |   6.7
        D:5 |     464 |     157 |  25.3 |      23 |       1 |   4.2
        D:6 |     227 |       0 |   0.0 |       7 |       0 |   0.0
        D:7 |    1006 |     503 |  33.3 |      25 |       3 |  10.7
        D:8 |    1601 |     113 |   6.6 |      34 |       1 |   2.9
        D:9 |    2059 |       0 |   0.0 |      28 |       0 |   0.0
       D:10 |    3534 |     544 |  13.3 |      40 |       3 |   7.0
       D:11 |    3628 |    1558 |  30.0 |      19 |      10 |  34.5
       D:12 |    4848 |    4825 |  49.9 |      42 |      16 |  27.6
       D:13 |    9149 |    7904 |  46.3 |      45 |       8 |  15.1
       D:14 |    8650 |       0 |   0.0 |      28 |       0 |   0.0
       D:15 |   12283 |    2319 |  15.9 |      32 |       4 |  11.1
     Lair:1 |    4767 |       0 |   0.0 |      25 |       0 |   0.0
     Lair:2 |    4976 |    1208 |  19.5 |      21 |       7 |  25.0
     Lair:3 |    6618 |    1639 |  19.8 |      27 |       5 |  15.6
     Lair:4 |    3087 |       0 |   0.0 |      15 |       0 |   0.0
     Lair:5 |    8170 |     290 |   3.4 |      25 |       2 |   7.4
     Lair:6 |    8186 |    3907 |  32.3 |      13 |      11 |  45.8
    Swamp:1 |   13048 |    1654 |  11.3 |      37 |       1 |   2.6
    Swamp:2 |   12739 |       0 |   0.0 |      29 |       0 |   0.0
    Swamp:3 |   14585 |       0 |   0.0 |      31 |       0 |   0.0
    Swamp:4 |   16511 |   21296 |  56.3 |      44 |      31 |  41.3
   Spider:1 |   13209 |       0 |   0.0 |      41 |       0 |   0.0
   Spider:2 |   17816 |    1871 |   9.5 |      53 |      15 |  22.1
   Spider:3 |    8028 |    4693 |  36.9 |      26 |       2 |   7.1
   Spider:4 |    6956 |     795 |  10.3 |      15 |       2 |  11.8
      Orc:1 |    2064 |       0 |   0.0 |      33 |       0 |   0.0
      Orc:2 |     816 |    9987 |  92.4 |      15 |      27 |  64.3
            +---------+---------+-------+---------+---------+-------
